 Dungeon Crawl Stone Soup version 0.31-a0-455-g1a7b003ef0 (webtiles) character file.

Game seed: 6199329455027192464

113 Hubris850 the Chiller (level 4, -1/30 HPs)
             Began as a Merfolk Ice Elementalist on Aug 3, 2023.
             Killed by nerve-wracking pain
             ... invoked by an orc priest
              (10 damage)
             ... on level 3 of the Dungeon.
             The game lasted 00:08:17 (2114 turns).

Hubris850 the Chiller (Merfolk Ice Elementalist)    Turns: 2114, Time: 00:08:18

Health: -1/30      AC:  2    Str:  8    XL:     4   Next: 96%
Magic:  2/8        EV: 13    Int: 14    God:
Gold:   59         SH:  0    Dex: 16    Spells: 2/9 levels left

rFire   . . .        s - +1 dagger (protect)
rCold   . . .        (no shield)
rNeg    . . .        a - +0 robe
rPois   .            (no helmet)
rElec   .            (no cloak)
rCorr   .            (no gloves)
SInv    .            (no boots)
Will    .....        (no amulet)
Stlth   ++           (no ring)
HPRegen 0.25/turn    (no ring)
MPRegen 0.11/turn

%: no passive effects
@: freezing walls
A: (nimble swimmer 2), mertail
a: no special abilities


You were on level 3 of the Dungeon.
You visited 1 branch of the dungeon, and saw 3 of its levels.

You collected 59 gold pieces.

Inventory:

Hand Weapons
 d - a +0 dagger
 m - a +0 falchion
 r - a +0 short sword
 s - a +1 dagger of protection (weapon)
Missiles
 t - 3 poisoned darts
Armour
 a - a +0 robe (worn)
Magical Staves
 n - a staff of fire
Scrolls
 c - a scroll of enchant armour {unknown}
 k - 2 scrolls of identify {unknown}
 l - 2 scrolls of amnesia {unknown}
 p - 2 scrolls of teleportation {unknown}
Potions
 b - a potion of magic
 e - 2 potions of enlightenment {unknown}
 f - 3 potions of curing {unknown}
 g - a potion of berserk rage {unknown}
 h - a potion of mutation {unknown}
 i - 2 potions of heal wounds {unknown}
 j - a potion of invisibility {unknown}
 o - 2 potions of brilliance {unknown}
 q - a potion of ambrosia {unknown}


   Skills:
 - Level 3.8 Dodging
 - Level 3.0 Stealth
 + Level 3.1 Spellcasting
 + Level 5.1 Ice Magic


You had 2 spell levels left.
You knew the following spells:

 Your Spells              Type           Power      Damage    Failure   Level
a - Freeze                Ice            64%        1d7       2%          1
b - Frozen Ramparts       Ice            32%        1d5       8%          3
c - Ozocubu's Armour      Ice            16%        N/A       8%          3

Your spell library contained the following spells:

 Spells                   Type           Power      Damage    Failure   Level
 Summon Ice Beast         Ice/Summ       9%         N/A       58%         4
 Metabolic Englaciation   Hex/Ice        4%         N/A       90%         5
 Petrify                  Tmut/Erth      2%         N/A       91%         4
 Alistair's Intoxication  Tmut/Pois      1%         N/A       99%         5
 Borgnjor's Vile Clutch   Necr/Erth      1%         N/A       99%         5
 Eringya's Noxious Bog    Tmut/Pois      1%         4d6       100%        6


Dungeon Overview and Level Annotations

Branches:
Dungeon (3/15)

Altars:
Gozag
The Shining One


Innate Abilities, Weirdness & Mutations

((You are very nimble when in or above water. (Stealth+, EV+, Speed+++)))
Your lower body shifts to a powerful aquatic tail in water.


Message History

You closely miss the jackal.
The jackal is almost dead.
The wall freezes the jackal.
You kill the jackal!
The wall freezes the jackal.
You kill the jackal!
The wall freezes the quokka.
You hit the quokka.
Your weapon exudes an aura of protection.
You kill the quokka!
That's the wrong kind of item! (Use * to select it.) Fire/throw/use which item? ([*] to toss any item) (? for menu, Esc to quit)
Okay, then.
Unknown command.
Throw: 4 darts (poison)
Press: ? - help, Shift-Dir - straight line, f - orc priest
Aim: an orc priest, wielding a +0 flail (56% to hit)
You throw a poisoned dart.
The poisoned dart closely misses the orc priest.
The frozen ramparts melt away.
The orc priest calls down the wrath of Beogh upon you.
Beogh smites you!
Casting: Frozen Ramparts (quite dangerous; 8% risk of failure)
Confirm with . or Enter, or press ? or * to list all spells.
The spell is quite dangerous to miscast (8% risk of failure)!
Continue anyway?
Casting: Frozen Ramparts (quite dangerous; 8% risk of failure)
Press: ? - help, Dir - look around, f - activate The walls around you are covered in ice.
The wall freezes the orc priest.
You barely miss the orc priest.
The orc priest is moderately wounded.
The wall freezes the orc priest.
The orc priest hits you with a +0 flail!
* * * LOW HITPOINT WARNING * * *
You barely miss the orc priest.
The orc priest is moderately wounded.
The wall freezes the orc priest.
The orc priest calls down the wrath of Beogh upon you.
Pain shoots through your body!
You die...

#........#......#
#†.....
#........#......#
##.....
#........#...)..#
##.###
#####...##......#
#.# ###.#########
#.. ...####.####
#... #..........#
#....
#..####.##.###
##... #.@o†..#
### ####...#
#$.(# #.h.# #r..#
.......
.........#
...o......#
...........#


You could see an orc priest.

Vanquished Creatures
  An orc priest (D:3)
  An adder (D:3)
  A dart slug (D:1)
  3 orcs
  7 endoplasms
  4 giant cockroaches
  7 goblins
  5 hobgoblins
  6 jackals
  3 kobolds (D:1)
  4 quokkas
  3 ball pythons
  9 bats
  2 frilled lizards (D:1)
  5 rats
61 creatures vanquished.

Notes
Turn   | Place    | Note
-------+----------+-------------------------------------------
     0 | D:1      | Hubris850 the Merfolk Ice Elementalist began the quest for
                  | the Orb.
     0 | D:1      | Reached XP level 1. HP: 13/13 MP: 3/3
   184 | D:1      | Reached XP level 2. HP: 13/19 MP: 0/5
   662 | D:1      | Reached XP level 3. HP: 24/24 MP: 3/6
   767 | D:1      | Learned a level 3 spell: Frozen Ramparts
   870 | D:1      | Found a glowing golden altar of the Shining One.
  1270 | D:2      | Found an opulent altar of Gozag.
  1401 | D:2      | Learned a level 3 spell: Ozocubu's Armour
  1792 | D:3      | Reached XP level 4. HP: 30/30 MP: 3/7
  1930 | D:3      | Reached skill level 5 in Ice Magic
  2114 | D:3      | Killed from afar by an orc priest

Illustrated notes

Levels and vault maps discovered:
D:1:      dpeg_arrival_lava_altar, layout_basic
D:2:      layout_basic, basic_altar, minmay_tiny_reverse_x
D:3:      layout_basic, ebering_ecumenical_altar_hall

Skill      XL: |  1  2  3  4 |
---------------+-------------+-----
Dodging        | 3 |  3.8
Stealth        | 3 |  3.0
Spellcasting   | 3 |  3.1
Ice Magic      | 5 |  5.1

Action                     |  1- 3 |  4- 6 || total
---------------------------+-------+-------++-------
  Melee: Dagger            |   157 |    39 ||   196
         Punch             |     1 |       ||     1
         Short sword       |    19 |       ||    19
  Throw: Dart              |     1 |     5 ||     6
   Cast: Freeze            |    27 |     3 ||    30
         Frozen Ramparts   |     1 |     2 ||     3
   Stab: Sleeping          |     6 |       ||     6
 Armour: Robe              |    37 |    15 ||    52
  Dodge: Dodged            |   128 |    19 ||   147

Table legend: (Time is in decaauts)
 A = Elapsed time spent in this place.
 B = Non-inter-level travel time spent in this place.
 C = Inter-level travel time spent in this place.
 D = Time resting spent in this place.
 E = Time spent auto-exploring this place.
 F = Levels seen in this place.
 G = Mean time per level.
                   A        B        C        D        E       F      G
               +--------+--------+--------+--------+--------+-----+--------+
         Total |   2112 |   2009 |    103 |    401 |    968 |   3 |  704.0 |
       Dungeon |   2112 |   2009 |    103 |    401 |    968 |   3 |  704.0 |
               +--------+--------+--------+--------+--------+-----+--------+

Top non-repeatable levels by time:
     D:1: 934 daAuts
     D:2: 661 daAuts
     D:3: 516 daAuts
